 Dungeon Crawl Stone Soup version 0.20.1-1-g8b1a95d (console) character file.

21736 Kloppie the Basher (level 12, -3/111 HPs)
             Began as a Minotaur Gladiator on July 12, 2017.
             Was a High Priest of Okawaru.
             Killed from afar by a deep troll earth mage (22 damage)
             ... with a blast of metal fragments
             ... on level 11 of the Dungeon.
             The game lasted 00:18:55 (12558 turns).

Kloppie the Basher (Minotaur Gladiator)            Turns: 12558, Time: 00:18:55

Health: -3/111     AC: 19    Str: 23    XL:     12   Next: 56%
Magic:  0/11       EV: 14    Int:  5    God:    Okawaru [*****.]
Gold:   1120       SH: 14    Dex: 18    Spells: 11/11 levels left

rFire    . . .     SeeInvis .   a - +2 flail (venom)
rCold    . . .     Gourm    .   o - +0 shield (curse)
rNeg     + + .     Faith    .   w - +0 plate armour
rPois    .         Spirit   +   c - +2 hat
rElec    .         Reflect  .   z - scarf {Spirit}
rCorr    .         Harm     .   (no gloves)
MR       .....                  M - +1 pair of boots
Stlth    ..........             A - amulet of rage
Regen    0.3/turn               U - ring of positive energy
MPRegen  0.2/turn               u - ring of positive energy

@: agile, about to teleport, slowed, very slow
A: retaliatory headbutt, horns 2
a: Heroism, Finesse, Renounce Religion, Evoke Berserk Rage


You were on level 11 of the Dungeon.
You worshipped Okawaru.
Okawaru was extremely pleased with you.
You were not hungry.

You visited 4 branches of the dungeon, and saw 16 of its levels.

You collected 1120 gold pieces.

Inventory:

Hand Weapons
 a - a +2 flail of venom (weapon)
 b - a +0 hunting sling
 g - a +0 flail
Missiles
 d - a throwing net (quivered)
 s - 97 sling bullets
Armour
 c - a +2 hat (worn)
 o - a cursed +0 shield (worn)
 w - a +0 plate armour (worn)
 z - a scarf of spirit shield (worn)
 M - a +1 pair of boots (worn)
 O - a scarf of cloud immunity
Jewellery
 u - a ring of positive energy (right hand)
 A - an amulet of rage (around neck)
 U - a ring of positive energy (left hand)
Wands
 e - a wand of disintegration (10/24)
Scrolls
 h - 5 scrolls of fog
 j - 3 scrolls of recharging
 k - 4 scrolls of remove curse
 m - 5 scrolls of teleportation
 y - 2 scrolls of amnesia
 I - a scroll of blinking
 L - 2 scrolls of fear
 Q - 2 scrolls of magic mapping
Potions
 i - 3 potions of flight
 r - 4 potions of curing
 t - 3 potions of brilliance
 v - 2 potions of resistance
 x - a potion of agility
 B - a potion of ambrosia
 C - 2 potions of magic {unknown}
 D - 3 potions of haste {unknown}
 E - a potion of mutation {unknown}
 G - 4 potions of heal wounds {unknown}
 H - a potion of berserk rage {unknown}
 J - a potion of cancellation {unknown}
 N - 2 potions of lignification
 R - a potion of degeneration {unknown}
Comestibles
 f - 4 bread rations
 l - 6 meat rations
 p - 13 fruits
 q - 25 chunks of flesh
 F - 3 royal jellies


   Skills:
 - Level 11.7 Fighting
 - Level 14.0 Maces & Flails
 - Level 2.0 Throwing
 - Level 11.5 Armour
 - Level 3.2 Dodging
 + Level 12.7 Shields


You had 11 spell levels left.
You didn't know any spells.

Dungeon Overview and Level Annotations

Branches:
Dungeon (11/15)            Temple (1/1) D:5            Lair (3/6) D:10
    Orc (1/2) D:10
  Swamp: Lair:2-4    Shoals: Lair:2-4     Snake: Lair:2-4    Spider: Lair:2-4

Altars:
Ashenzari
Cheibriados
Dithmenos
Elyvilon
Fedhas
Gozag
Hepliaklqana
Kikubaaqudgha
Makhleb
Nemelex Xobeh
Okawaru
Qazlal
Ru
Sif Muna
Trog
Uskayaw
Vehumet
Xom
Yredelemnul
Zin
The Shining One

Shops:
D:8 }


Innate Abilities, Weirdness & Mutations

You reflexively headbutt those who attack you in melee.
You have a pair of horns on your head.


Message History

The sphinx mumbles some strange words.
Something smites you!
* * * LOW HITPOINT WARNING * * *
The sphinx hits you.
* * * LOW HITPOINT WARNING * * *
The sphinx hits you.
* * * LOW HITPOINT WARNING * * *
The sphinx hits you but does no damage.
Some of the chunks of flesh in your inventory have rotted away.
The sphinx hits you but does no damage. x3
You can move again.
Okay, then.
As you read the scroll of teleportation, it crumbles to dust.
You feel strangely unstable. The sphinx barely misses you.
The sphinx hits you but does no damage. The sphinx closely misses you.
The sphinx mumbles some strange words.
You feel as though you will be slow longer.
The metal wall shatters!
The blast of metal fragments hits you!
You die...

#.# .#.# ### ..#.###
#.## ## #..#.#.. ##...
.[ #.#.#.#.######..##
##. #.#..#.#....##.##
#... #.#.#.#†#...##[#
##..##@#.#..#†####..###
#.%..#.#.#.#.#.#.#.....
#TH#†#.#.#.#.##.#...
#.....#.#.#.#..#.#.....
################.#.....
#......... #.........
#......... #.........


You could see a sphinx.

Vanquished Creatures
  A hydra (Lair:2)
  The ghost of BakaWarrior999 the Cleaver, a journeyman MiFi of Okawaru (Orc:1)
  4 two-headed ogres
  An ugly thing (D:11)
  Psyche (D:8)
  A black mamba (Lair:3)
  A gargoyle (D:11)
  9 spiny frogs
  A komodo dragon (Lair:3)
  2 polar bears (Lair:1)
  A hornet (D:6)
  3 trolls
  Prince Ribbit (D:8)
  A meliai zombie (D:10)
  3 blink frogs (Lair:2)
  3 hippogriffs
  Sigmund (D:5)
  A tarantella (shapeshifter) (D:11)
  A wraith (D:11)
  19 yaks
  A wyvern (D:9)
  2 basilisks (D:10)
  3 fire bats (Lair:2)
  A vampire mosquito (D:11)
  Edmund (D:6)
  A warg (Orc:1)
  7 water moccasins
  5 porcupines
  3 sky beasts
  5 ice beasts
  A black bear (D:7)
  2 orc warriors
  6 wolves (Lair:2)
  4 centaurs
  A phantom (D:8)
  A necrophage (D:3)
  3 ogres
  6 crocodiles
  9 bullfrogs
  2 scorpions
  A water moccasin skeleton (D:10)
  A wight (D:9)
  An electric eel (Lair:1)
  3 howler monkeys
  3 crimson imps
  3 quasits
  2 bullfrog zombies
  6 hounds
  A jelly (D:7)
  6 orc priests
  12 orc wizards
  2 bullfrog skeletons
  2 centaur skeletons
  Crazy Yiuf (D:7)
  Jessica (D:2)
  5 iguanas
  4 worker ants
  2 hound skeletons (D:8)
  A worker ant zombie (D:9)
  13 adders
  4 gnolls (D:7)
  A shadow imp (D:6)
  An ooze (D:5)
  An adder zombie (D:7)
  4 worms
  A dart slug (D:1)
  8 leopard geckos
  36 orcs
  4 giant cockroaches
  4 goblins
  9 hobgoblins
  3 jackals (D:4)
  7 quokkas
  2 ball pythons
  9 bats
  3 frilled lizards
  A giant cockroach zombie (D:6)
  2 kobolds
  2 quokka zombies
  9 rats
  A butterfly (Lair:1)
302 creatures vanquished.

Vanquished Creatures (others)
  2 fire vortices (Lair:2)
  5 plants (Lair:2)
7 creatures vanquished.

Grand Total: 309 creatures vanquished

Notes
Turn   | Place    | Note
-------+----------+-------------------------------------------
     0 | D:1      | Kloppie the Minotaur Gladiator began the quest for the Orb.
     0 | D:1      | Reached XP level 1. HP: 18/18 MP: 0/0
    73 | D:1      | Reached skill level 4 in Maces & Flails
   113 | D:1      | Reached XP level 2. HP: 22/25 MP: 1/1
   681 | D:1      | Reached skill level 5 in Maces & Flails
   721 | D:2      | Reached XP level 3. HP: 24/30 MP: 2/2
   966 | D:2      | Reached skill level 6 in Maces & Flails
   966 | D:2      | Reached XP level 4. HP: 37/37 MP: 3/3
  1017 | D:2      | Found an opulent altar of Gozag.
  1316 | D:2      | Found a sparkling altar of Nemelex Xobeh.
  1316 | D:2      | Noticed Jessica
  1318 | D:2      | Killed Jessica
  1532 | D:3      | Noticed a necrophage
  1546 | D:3      | Killed a necrophage
  1546 | D:3      | Reached skill level 7 in Maces & Flails
  1546 | D:3      | Reached XP level 5. HP: 42/42 MP: 1/4
  1678 | D:3      | Noticed a centaur
  1687 | D:3      | Killed a centaur
  1687 | D:3      | Reached skill level 8 in Maces & Flails
  1687 | D:3      | Reached XP level 6. HP: 30/50 MP: 2/5
  1798 | D:3      | Found a shattered altar of Ashenzari.
  1813 | D:3      | Found a glowing golden altar of the Shining One.
  2632 | D:4      | Reached skill level 5 in Fighting
  2685 | D:4      | Reached XP level 7. HP: 60/61 MP: 6/6
  2844 | D:5      | Entered Level 5 of the Dungeon
  3015 | D:5      | Reached skill level 9 in Maces & Flails
  3037 | D:5      | Found a sacrificial altar of Ru.
  3246 | D:5      | Noticed Sigmund
  3268 | D:5      | Killed Sigmund
  3268 | D:5      | Reached skill level 10 in Maces & Flails
  3374 | D:5      | Reached XP level 8. HP: 42/68 MP: 5/7
  3555 | D:5      | Found a staircase to the Ecumenical Temple.
  3571 | Temple   | Entered the Ecumenical Temple
  3625 | Temple   | Became a worshipper of Warmaster Okawaru
  3880 | D:6      | Noticed Edmund
  3893 | D:6      | Reached skill level 11 in Maces & Flails
  3914 | D:6      | Killed Edmund
  4108 | D:6      | Found a burning altar of Makhleb.
  4382 | D:7      | Noticed a hornet
  4397 | D:6      | Killed a hornet
  4397 | D:6      | Reached * piety under Okawaru
  4530 | D:7      | Reached XP level 9. HP: 77/82 MP: 6/8
  4552 | D:7      | Reached skill level 1 in Armour
  4883 | D:7      | Found a runed door.
  4967 | D:7      | Noticed Crazy Yiuf
  4970 | D:7      | Killed Crazy Yiuf
  5000 | D:8      | Found Fatz's Gadget Emporium.
  5003 | D:8      | Noticed Prince Ribbit
  5016 | D:8      | Killed Prince Ribbit
  5016 | D:8      | Reached skill level 5 in Armour
  5179 | D:8      | Noticed Psyche
  5188 | D:8      | Killed Psyche
  5188 | D:8      | Reached ** piety under Okawaru
  5207 | D:8      | Noticed a two-headed ogre
  5387 | D:7      | Killed a two-headed ogre
  5662 | D:8      | Reached XP level 10. HP: 90/90 MP: 9/9
  5728 | D:8      | Found a bloodstained altar of Trog.
  6128 | D:9      | Reached skill level 12 in Maces & Flails
  6407 | D:9      | Reached *** piety under Okawaru
  6482 | D:9      | Noticed a two-headed ogre
  6483 | D:9      | Noticed a two-headed ogre
  6500 | D:9      | Killed a two-headed ogre
  6500 | D:9      | Reached skill level 13 in Maces & Flails
  6504 | D:9      | Killed a two-headed ogre
  6504 | D:9      | Reached **** piety under Okawaru
  6850 | D:10     | Entered Level 10 of the Dungeon
  6870 | D:9      | Reached skill level 14 in Maces & Flails
  7367 | D:10     | Found a staircase to the Lair.
  7378 | D:10     | Reached skill level 5 in Shields
  7379 | D:10     | Found a staircase to the Orcish Mines.
  8017 | D:10     | Reached XP level 11. HP: 88/95 MP: 10/10
  8024 | D:10     | Reached ***** piety under Okawaru
  8263 | Lair:1   | Entered Level 1 of the Lair of Beasts
  8644 | Lair:1   | Received a gift from Okawaru
  8928 | Lair:1   | Reached skill level 10 in Shields
  9396 | Lair:2   | Received a gift from Okawaru
  9490 | Lair:2   | Noticed a five-headed hydra
  9507 | Lair:2   | Killed a five-headed hydra
  9507 | Lair:2   | Received a gift from Okawaru
 10009 | Lair:2   | Reached skill level 10 in Fighting
 10442 | Lair:2   | Reached XP level 12. HP: 78/108 MP: 8/11
 11489 | Lair:3   | Reached skill level 10 in Armour
 11922 | Orc:1    | Entered Level 1 of the Orcish Mines
 11922 | Orc:1    | Noticed BakaWarrior999's ghost (journeyman MiFi)
 11960 | Orc:1    | Killed BakaWarrior999's ghost
 12286 | D:11     | Noticed a two-headed ogre
 12327 | D:11     | Received a gift from Okawaru
 12433 | D:11     | Killed a two-headed ogre
 12509 | D:11     | Reached ****** piety under Okawaru
 12526 | D:11     | Noticed a deep troll earth mage
 12528 | D:11     | Noticed a sphinx
 12534 | D:11     | Paralysed by a sphinx for 3 turns
 12552 | D:11     | Paralysed by a sphinx for 5 turns
 12558 | D:11     | Killed from afar by a deep troll earth mage

Skill      XL: |  1  2  3  4  5  6  7  8  9 10 11 12 |
---------------+-------------------------------------+-----
Maces & Flails | 4 5 6 7 8 10 11 14 | 14.0
Fighting       | 5 8 10 11 | 11.7
Armour         | 9 11 | 11.5
Shields        | 6 11 12 | 12.7
Throwing       | |  2.0
Dodging        | |  3.2

Action                   |  1- 3 |  4- 6 |  7- 9 | 10-12 || total
-------------------------+-------+-------+-------+-------++-------
Melee: Flail             |    67 |    98 |   221 |   689 ||  1075
       Headbutt          |    11 |    19 |    50 |   162 ||   242
 Fire: Hunting sling     |       |     7 |    16 |     4 ||    27
Throw: Throwing net      |       |     2 |     1 |       ||     3
Invok: Heroism           |       |       |       |     2 ||     2
  Use: Scroll            |       |    14 |     5 |     8 ||    27
       Potion            |       |       |     1 |     5 ||     6
 Stab: Paralysed         |       |       |     1 |       ||     1
       Distracted        |       |       |       |     1 ||     1
  Eat: Chunk             |       |     6 |     8 |    21 ||    35
       Royal jelly       |       |       |       |     1 ||     1
Armor: Leather armour    |    16 |       |       |       ||    16
       Chain mail        |    13 |    44 |   101 |   226 ||   384
       Skin              |       |       |       |    18 ||    18
       Plate armour      |       |       |       |    47 ||    47
Dodge: Dodged            |    37 |    45 |    84 |   179 ||   345
Block: Shield            |       |       |       |   242 ||   242
